 Dungeon Crawl Stone Soup version 0.31-a0-329-g52107efa6a (webtiles) character file.

Game seed: 17146141138096437025

1637 AdnanSaban the Cudgeller (level 8, -2/51 HPs)
             Began as a Gargoyle Fighter on July 18, 2023.
             Killed from afar by a will-o-the-wisp (10 damage)
             ... with a foxfire
             ... on level 1 of the Abyss.
             The game lasted 00:08:02 (4536 turns).

AdnanSaban the Cudgeller (Gargoyle Fighter)         Turns: 4536, Time: 00:08:03

Health: -2/51      AC: 23    Str: 23    XL:     8   Next: 98%
Magic:  8/8        EV: 11    Int:  8    God:
Gold:   238        SH: 10    Dex:  9    Spells: 7/7 levels left

rFire   . . .        z - +0 flail (protect)
rCold   . . .        c - +0 buckler
rNeg    + . .        C - +0 plate armour
rPois   ∞            (no helmet)
rElec   +            u - +1 cloak
rCorr   .            l - +0 pair of gloves
SInv    .            e - +0 pair of boots
Will    .....        i - amulet of reflection Stlth
                     (no ring)
HPRegen 0.28/turn    (no ring)
MPRegen 0.11/turn

%: reflection
@: agile
A: sickness immunity, AC +5, negative energy resistance 1, electricity
resistance, torment resistance 1, petrification resistance
a: no special abilities


You were on level 1 of the Abyss.
You visited 1 branch of the dungeon, and saw 6 of its levels.
You visited the Abyss 1 time.

You collected 238 gold pieces.

Inventory:

Hand Weapons
 z - a +0 flail of protection (weapon)
Missiles
 A - a throwing net
Armour
 c - a +0 buckler (worn)
 e - a +0 pair of boots (worn)
 l - a +0 pair of gloves (worn)
 u - a +1 cloak (worn)
 C - a +0 plate armour (worn)
Jewellery
 i - an amulet of reflection (around neck)
 y - a ring of magical power
Wands
 q - a wand of paralysis (6)
 r - a wand of flame (14)
Scrolls
 b - a scroll of noise {unknown}
 f - 5 scrolls of identify {unknown}
 j - a scroll of enchant armour {unknown}
 m - a scroll of immolation {unknown}
 n - 2 scrolls of amnesia {unknown}
 o - a scroll of silence {unknown}
 s - a scroll of poison {unknown}
 v - 3 scrolls of vulnerability {unknown}
 w - 4 scrolls of teleportation {unknown}
 x - a scroll of blinking {unknown}
Potions
 a - a potion of haste {unknown}
 d - a potion of might
 g - a potion of berserk rage {unknown}
 h - a potion of degeneration {unknown}
 k - 4 potions of curing {unknown}
 p - 2 potions of heal wounds {unknown}
 t - a potion of invisibility {unknown}
 B - a potion of cancellation {unknown}


   Skills:
 + Level 5.6 Fighting
 + Level 7.4 Maces & Flails
 + Level 6.0 Armour
 + Level 6.9 Shields


You had 7 spell levels left.
You didn't know any spells.
Your spell library contained the following spells:

 Spells                   Type           Power      Damage    Failure   Level
 Apportation              Tloc           0%         N/A       100%        1
 Poisonous Vapours        Pois/Air       0%         N/A       100%        2
 Mephitic Cloud           Conj/Pois/Air  0%         N/A       100%        3
 Alistair's Intoxication  Tmut/Pois      0%         N/A       100%        5
 Freezing Cloud           Conj/Ice/Air   0%         6-21      100%        5


Dungeon Overview and Level Annotations

Branches:
Dungeon (6/15)
 Temple: D:4-7

Altars:

Shops:
D:5 :

Annotations:
D:3 1 runed translucent door, Crazy Yiuf
D:5 2 transporters, hackon's ghost, novice OgFE


Innate Abilities, Weirdness & Mutations

You are immune to sickness and miasma.
Your stone body is resilient. (AC +5)
You are immune to poison.
You resist negative energy. (rN+)
You are resistant to electric shocks. (rElec)
You are resistant to unholy torment.
You are immune to petrification.


Message History

The apocalypse crab breathes chaos at you.
The blast of chaos misses you.
You are engulfed in seething chaos.
Found a gateway leading deeper into the Abyss.
A large abomination comes into view.
The will-o-the-wisp gives a chilling moan.
The apocalypse crab breathes chaos at you.
The blast of chaos engulfs you but does no damage.
You are engulfed in seething chaos.
The apocalypse crab is engulfed in seething chaos.
The apocalypse crab seems to slow down.
The will-o-the-wisp blinks!
The apocalypse crab is no longer moving slowly.
The apocalypse crab breathes chaos at you.
The blast of chaos engulfs you but does no damage.
You resist.
You are engulfed in seething chaos.
You suddenly lose the ability to move!
The will-o-the-wisp is engulfed in seething chaos.
The will-o-the-wisp seems to grow stronger.
You are engulfed in seething chaos.
You feel agile all of a sudden.
The will-o-the-wisp is engulfed in seething chaos.
The will-o-the-wisp engulfs you!
The will-o-the-wisp gestures.
The will-o-the-wisp conjures some foxfire!
You can move again. 2 foxfires come into view.
The will-o-the-wisp gestures.
The will-o-the-wisp conjures some foxfire! 2 foxfires come into view.
The foxfire hits you! x2
* * * LOW HITPOINT WARNING * * *
A bone dragon comes into view.
A tentacle flies out from the starspawn's body!
The will-o-the-wisp blinks!
A starspawn tentacle comes into view.
The will-o-the-wisp gestures.
The will-o-the-wisp conjures some foxfire! 2 foxfires come into view.
The foxfire hits you!
You die...

## # #.## ##
#..# #..##..#
#....#.# ## #
#.#...##.# ..
#...v§v@# ..
#..##..§v#.# #
.. ##..
#...#####.#. #
.....##....D#..
....#
##....#.#.#.. .
.
#..#t##..w..##.#
##...#..#X# ...#
###... #x..#..#
###..t#.>#..#


You could see an apocalypse crab and a will-o-the-wisp (strong).

Vanquished Creatures
  Sigmund (D:4)
  Menkaure (D:5)
  Edmund (D:3)
  A water moccasin (D:5)
  A small abomination (Abyss:1)
  2 ogres
  A bullfrog (D:3)
  Blork the orc (D:4)
  A gnoll sergeant (D:4)
  A howler monkey (D:5)
  A hound (D:6)
  3 orc priests
  Ijyb (D:3)
  2 iguanas
  3 sleepcaps
  7 orc wizards
  Robin (D:3)
  6 adders
  3 gnolls
  2 worms (D:2)
  A dart slug (D:3)
  26 orcs
  6 ball pythons
  7 endoplasms
  4 giant cockroaches
  11 goblins
  6 hobgoblins
  6 kobolds
  4 quokkas
  2 bats
  4 rats
117 creatures vanquished.

Vanquished Creatures (others)
  4 foxfires (Abyss:1)
  2 starspawn tentacles (Abyss:1)
6 creatures vanquished.

Grand Total: 123 creatures vanquished

Notes
Turn   | Place    | Note
-------+----------+-------------------------------------------
     0 | D:1      | AdnanSaban the Gargoyle Fighter began the quest for the
                  | Orb.
     0 | D:1      | Reached XP level 1. HP: 14/14 MP: 1/1
   195 | D:1      | Reached XP level 2. HP: 19/19 MP: 2/2
   607 | D:2      | Reached XP level 3. HP: 24/24 MP: 3/3
  1025 | D:3      | Reached XP level 4. HP: 29/29 MP: 4/4
  1115 | D:3      | Noticed Robin
  1129 | D:3      | Killed Robin
  1130 | D:3      | Reached skill level 3 in Maces & Flails
  1242 | D:3      | Reached XP level 5. HP: 6/33 MP: 5/5
  1420 | D:3      | Noticed Ijyb
  1445 | D:3      | Paralysed by Ijyb for 4 turns
  1456 | D:3      | Killed Ijyb
  1521 | D:3      | Found a faded altar of an unknown god.
  1559 | D:3      | Reached skill level 4 in Maces & Flails
  1566 | D:3      | Reached XP level 6. HP: 10/38 MP: 6/6
  2039 | D:3      | Found a runed translucent door.
  2040 | D:3      | Noticed Crazy Yiuf
  2375 | D:4      | Noticed Edmund
  2437 | D:3      | Killed Edmund
  2438 | D:3      | Reached skill level 5 in Maces & Flails
  2438 | D:3      | Reached skill level 5 in Shields
  2438 | D:3      | Reached XP level 7. HP: 24/44 MP: 7/7
  2578 | D:4      | Reached skill level 5 in Armour
  2607 | D:4      | Noticed Blork the orc
  2642 | D:4      | Killed Blork the orc
  2691 | D:4      | Noticed Sigmund
  2698 | D:4      | Killed Sigmund
  2699 | D:4      | Reached XP level 8. HP: 43/48 MP: 8/8
  2854 | D:5      | Entered Level 5 of the Dungeon
  2947 | D:5      | Reached skill level 5 in Fighting
  2947 | D:5      | Reached skill level 6 in Maces & Flails
  2949 | D:5      | Found Laezximp's Book Emporium.
  3639 | D:5      | Reached skill level 7 in Maces & Flails
  3703 | D:5      | Noticed Menkaure
  3713 | D:5      | Killed Menkaure
  4033 | D:5      | Found a transporter.
  4036 | D:5      | Noticed hackon's ghost (novice OgFE)
  4038 | D:5      | Found a transporter.
  4435 | Abyss:1  | Cast into level 1 of the Abyss (gnoll sergeant)
  4491 | Abyss:1  | Noticed a tentacled starspawn
  4495 | Abyss:1  | Noticed an ancient zyme
  4498 | Abyss:1  | Found a corrupted altar of Lugonu.
  4498 | Abyss:1  | Noticed an apocalypse crab
  4518 | Abyss:1  | Noticed a large abomination
  4518 | Abyss:1  | Noticed a will-o-the-wisp
  4524 | Abyss:1  | Paralysed by you for 3 turns
  4533 | Abyss:1  | Noticed a bone dragon
  4536 | Abyss:1  | Killed from afar by a will-o-the-wisp

Illustrated notes

Levels and vault maps discovered:
D:1:      ebering_trefoil_3fold, layout_rooms, chequers_garden
D:2:      layout_basic
D:3:      kennysheep_big_flooded_room, layout_basic,
          hellmonk_ecumenical_altar_pennies_from_heaven,
          uniq_crazy_yiuf_cottage, uniq_robin, uniq_ijyb
D:4:      layout_cave_pools, uniq_edmund, uniq_sigmund, uniq_blork_the_orc
D:5:      layout_layer_cave, gammafunk_ghost_mausoleum, nicolae_stop_n_shop_1,
          uniq_menkaure
D:6:      layout_cave_pools
Abyss:1:  base:
D:4

Skill      XL: |  1  2  3  4  5  6  7  8 |
---------------+-------------------------+-----
Maces & Flails | 3 4 5 7 |  7.4
Armour         | 4 5 6 |  6.0
Shields        | 4 5 6 |  6.9
Fighting       | 4 5 |  5.6

Action                     |  1- 3 |  4- 6 |  7- 9 || total
---------------------------+-------+-------+-------++-------
  Melee: Flail             |   100 |   204 |   218 ||   522
 Armour: Scale mail        |    48 |    69 |       ||   117
         Ring mail         |       |    47 |   136 ||   183
         Plate armour      |       |       |    26 ||    26
  Dodge: Dodged            |    42 |    63 |    74 ||   179
  Block: Buckler           |    37 |   113 |   134 ||   284
         Reflection        |       |     8 |     3 ||    11

Table legend: (Time is in decaauts)
 A = Elapsed time spent in this place.
 B = Non-inter-level travel time spent in this place.
 C = Inter-level travel time spent in this place.
 D = Time resting spent in this place.
 E = Time spent auto-exploring this place.
 F = Levels seen in this place.
 G = Mean time per level.
                   A        B        C        D        E       F      G
               +--------+--------+--------+--------+--------+-----+--------+
         Total |   4649 |   4481 |    168 |    293 |   2938 |   7 |  664.1 |
       Dungeon |   4548 |   4380 |    168 |    293 |   2938 |   6 |  758.0 |
         Abyss |    101 |    101 |      0 |      0 |      0 |   1 |  101.0 |
               +--------+--------+--------+--------+--------+-----+--------+

Top non-repeatable levels by time:
     D:3: 1425 daAuts
     D:5: 1333 daAuts
     D:4: 616 daAuts
     D:1: 523 daAuts
     D:2: 521 daAuts
     D:6: 127 daAuts
 Abyss:1: 101 daAuts
